[Event "III Menorca Open-A 2024"]
[Site "Ciutadella Menorca"]
[Date "2024.04.07"]
[Round "9.2"]
[White "Alekseenko, Kirill"]
[Black "Warmerdam, Max"]
[Result "1-0"]
[ECO "B90"]
[WhiteElo "2650"]
[BlackElo "2628"]
[Annotator "TA"]
[PlyCount "135"]
[EventDate "2024.04.02"]
[EventType "swiss"]
[EventCountry "ESP"]
[SourceTitle "playchess.com"]
[Source "ChessBase"]
[SourceQuality "1"]
[TimeControl "5400+30"]

1. e4 c5 2. Nf3 d6 3. d4 cxd4 4. Nxd4 Nf6 5. Nc3 a6 6. Bd3 e5 7. Nde2 Be6 8. O-O Nc6 9. a3 Rc8 10. h3 {[%emt 0:01:05] The position is equal.} g6 11. Bg5 h6 12. Be3 (12. Bxf6 {keeps more tension.} Qxf6 13. f4 exf4 14. Nxf4 Qg5 15. Nxe6 fxe6 16. Ne2) 12... Bg7 13. Qd2 h5 14. Rfd1 O-O 15. Ng3 Ne7 16. Bg5 Qc7 17. Nf1 Nh7 18. Bh4 Rfd8 19. Be2 Bf6 20. Bxf6 Nxf6 21. Qg5 Kg7 22. Ne3 b5 23. Bf1 Qb7 24. Qh4 (24. Bd3 {is interesting.} Rd7 25. f4 Rxc3 26. bxc3 Nxe4 27. Bxe4 Qxe4 28. fxe5 dxe5 29. Rxd7 Bxd7 30. Rf1) 24... Rc5 25. f3 a5 26. Rd2 b4 27. axb4 axb4 28. Na4 Rcc8 29. Qf2 Qc7 30. c4 (30. Nb6 $5 Rb8 $8 (30... Qxb6 $2 {too greedy.} 31. Nf5+ gxf5 32. Qxb6 $18) 31. Ra6 $11) 30... Nc6 (30... Ra8 $5) 31. Nc2 {[%emt 0:04:42] Inhibits Nd4.} (31. Nb6 $5) 31... Nd7 32. Rad1 Qa5 33. b3 Nc5 34. Nxc5 dxc5 35. Rxd8 Rxd8 36. Rxd8 Nxd8 37. f4 exf4 38. Qxf4 Qa2 (38... Nc6 $17 {Threatens to win with ...Qa2.} 39. Qd6 Qa2) 39. Ne3 $2 (39. Ne1 $1 $15) 39... Qxb3 $19 40. Qe5+ f6 41. Qxc5 Qc3 (41... Nf7 $1 $19 {...Qc3 is the strong threat.} 42. Qb6 Qc3) 42. Nd1 $17 {[%emt 0:01:43] [#]} Qd2 (42... Qe1 $1 $17 43. Nb2 Qxe4 44. Qxb4 Qd4+ 45. Kh2 Nf7) 43. Nf2 $11 Nf7 {[%emt 0:00:38] White must now prevent ...Ne5.} 44. Qb6 $1 Qd6 45. c5 Qxb6 46. cxb6 {[%emt 0:00:04][%mdl 4096] Endgame. KBN-KBN} Nd6 {[%emt 0:00:50][%mdl 8192] [#] Black is on the road to losing.} (46... Bc8 $11 {and Black is okay.}) 47. Ba6 $1 $18 b3 48. Nd3 Kf7 49. b7 Nxb7 50. Bxb7 Ke7 51. Kf2 Kd6 52. Ke3 Bc4 53. Nb2 Bf1 54. Kf2 Bb5 55. Bd5 Bc6 (55... Ke5 $18 56. Bxb3 f5 57. Nc4+ Kd4) 56. Bxc6 {[%emt 0:01:33] White mates.} Kxc6 {[%emt 0:00:01] KN-KP} 57. Ke3 Kc5 58. h4 Kd6 59. Kd4 g5 60. g3 Ke7 61. Nd3 Kd6 62. Kc3 Ke6 63. hxg5 fxg5 64. Kxb3 h4 65. gxh4 gxh4 66. Kc4 h3 67. Kd4 h2 68. Nf2 {[%emt 0:00:02] Weighted Error Value: White=0.12 (very precise) /Black=0.43.  Loses game:     	White=1     	Black=1      Mistake:       	---       	Black=4      Inaccurate:     	White=4     	Black=3      OK:         	White=13    	Black=18     Best:        	White=6     	Black=3      Strong:       	White=2     	---} 1-0

[Event "III Menorca Open-A 2024"]
[Site "Ciutadella Menorca"]
[Date "2024.04.07"]
[Round "9.3"]
[White "Dardha, Daniel"]
[Black "Chigaev, Maksim"]
[Result "0-1"]
[ECO "D36"]
[WhiteElo "2628"]
[BlackElo "2617"]
[Annotator "TA"]
[PlyCount "118"]
[EventDate "2024.04.02"]
[EventType "swiss"]
[EventCountry "ESP"]
[SourceTitle "playchess.com"]
[Source "ChessBase"]
[SourceQuality "1"]
[TimeControl "5400+30"]

1. d4 Nf6 2. c4 e6 3. Nf3 d5 4. Bg5 Be7 5. cxd5 exd5 6. Nc3 c6 7. Qc2 O-O 8. e3 h6 9. Bf4 Nh5 (9... Bd6 {simplifies} 10. Bxd6 Qxd6 11. Bd3 b6) 10. Be5 Nd7 11. g4 {[%emt 0:07:27] The position is equal.} Nxe5 12. dxe5 (12. Nxe5 $11 {remains equal.} Nf6 13. h3) 12... Bxg4 $17 13. Nd4 c5 14. Nf5 d4 (14... Qd7 $17 15. Nxe7+ Qxe7) 15. Rg1 $1 $15 Bxf5 16. Qxf5 Bg5 (16... dxc3 $2 17. Bd3 $18) (16... dxe3 {looks sharper.} 17. fxe3 Bh4+ 18. Ke2 Qb6) 17. O-O-O {[%emt 0:13:32] h4 is the strong threat.} Qc8 $36 {[%emt 0:20:16][%mdl 2048] White is under strong pressure.} 18. Qxc8 Raxc8 19. Nd5 Rcd8 $1 20. f4 Rxd5 21. fxg5 Rxe5 22. exd4 cxd4 (22... Rxg5 23. Rxg5 hxg5 24. dxc5 $15) 23. gxh6 Rc8+ 24. Kb1 g6 25. Bg2 Rc7 26. Bf3 Kh7 27. Rxd4 Kxh6 28. Rc1 Ree7 29. Rf1 Rcd7 30. Rc4 Rd6 31. Rfc1 Rf6 32. R1c3 b6 33. Rc8 Nf4 34. a4 (34. a3 {keeps fighting.}) 34... Re1+ $19 35. Ka2 Ne2 36. Bxe2 Rxe2 {[%emt 0:00:03][%mdl 4096] Endgame. KRR-KRR} 37. Rh3+ Kg7 38. Rc7 a5 39. Rb7 Re4 40. Ka3 Rff4 41. Rxb6 $2 (41. b3 {was called for.} Rf6 42. Rb8) 41... Rxa4+ 42. Kb3 Rab4+ 43. Rxb4 {[%emt 0:00:04] [#]} Re4 {[%emt 0:20:59][%mdl 8192] [#]} 44. Kc3 $4 Rxb4 {[%emt 0:00:00] KR-KR} (44... axb4+ $2 45. Kd3 f5 46. Rg3 $19) 45. b3 f5 46. Rg3 (46. Rd3 {is a better defense.} Rb5 47. Rd7+ Kf6 48. Rd3) 46... Re4 47. Rd3 f4 48. Rd5 f3 {[%emt 0:00:00] Strongly threatening ...f2.} 49. Rd2 (49. Rd1) 49... Kf6 {[%emt 0:00:00] ...Ke5 would now be deadly.} 50. Rf2 Re3+ 51. Kd4 Rxb3 52. Ra2 Kf5 53. Rxa5+ Kg4 {[%emt 0:05:00] Black mates.} 54. Ra2 g5 55. Ke4 Kh3 56. Kf5 g4 57. Kf4 Rb8 58. Ke3 Re8+ 59. Kf4 Rf8+ {[%emt 0:00:00] Never resign too early!   Weighted Error Value: White=0.69/Black=0.17 (very precise) .  Missed win:     	White=1     	Black=1      Mistake:       	White=5     	Black=1      Inaccurate:     	White=2     	---        OK:         	White=16    	Black=17     Best:        	White=3     	Black=5      Strong:       	White=1     	Black=1} 0-1

[Event "III Menorca Open-A 2024"]
[Site "Ciutadella Menorca"]
[Date "2024.04.07"]
[Round "9.4"]
[White "Aravindh, Chithambaram VR."]
[Black "Yuffa, Daniil"]
[Result "1/2-1/2"]
[ECO "B22"]
[WhiteElo "2662"]
[BlackElo "2606"]
[Annotator "TA"]
[PlyCount "23"]
[EventDate "2024.04.02"]
[EventType "swiss"]
[EventCountry "ESP"]
[SourceTitle "playchess.com"]
[Source "ChessBase"]
[SourceQuality "1"]
[TimeControl "5400+30"]

1. e4 c5 2. c3 d5 3. exd5 Nf6 4. Qa4+ Nbd7 5. Qb3 a6 6. c4 Ne5 7. Be2 e6 8. Nf3 Bd6 9. O-O exd5 10. cxd5 O-O 11. d4 cxd4 12. Nxd4 {[%emt 0:02:38] Not much happened in this game.   Weighted Error Value: White=0.10 (very precise) /Black=0.04 (flawless) .  OK:         	White=1     	Black=4      Best:        	---       	Black=1} 1/2-1/2

[Event "III Menorca Open-A 2024"]
[Site "Ciutadella Menorca"]
[Date "2024.04.07"]
[Round "9.5"]
[White "Sosa, Tomas"]
[Black "Van Foreest, Jorden"]
[Result "1/2-1/2"]
[ECO "A14"]
[WhiteElo "2562"]
[BlackElo "2672"]
[Annotator "TA"]
[PlyCount "90"]
[EventDate "2024.04.02"]
[EventType "swiss"]
[EventCountry "ESP"]
[SourceTitle "playchess.com"]
[Source "ChessBase"]
[SourceQuality "1"]
[TimeControl "5400+30"]

1. Nf3 Nf6 2. g3 d5 3. Bg2 e6 4. O-O Be7 5. c4 O-O 6. b3 c5 7. e3 Nc6 8. d3 h6 9. Qe2 e5 10. cxd5 Nxd5 11. Bb2 Bf6 (11... Qd6 $11) 12. Nbd2 $14 b6 13. Ne4 Ba6 14. Nfd2 {[%emt 0:09:11] [#] Nxf6+ would now be deadly.} Be7 15. Nc4 Qd7 $1 16. Rad1 (16. Bxe5 b5 17. Bb2 f5) 16... Qe6 17. g4 (17. f4 $142) 17... Rad8 $11 18. a3 b5 19. Ncd2 Nb6 20. Rc1 {[%emt 0:06:02][%cal Bd1c1,Bc1c2,Bc2b2,Bb2b7][%mdl 32] The position is equal.} c4 21. bxc4 bxc4 22. Nxc4 Nxc4 23. dxc4 Na5 24. Nd2 Rb8 25. Rc2 ({Don't go for} 25. Bd5 $2 Qxd5 26. cxd5 Bxe2 $19) 25... Nxc4 26. Nxc4 {[%emt 0:01:02][%cal Of1c1] [#] Rfc1! is the strong threat.} Rxb2 27. Rxb2 {[%emt 0:00:25] Strongly threatening Rc2.} Bxc4 {[%emt 0:00:06] A strong pair of Bishops.} (27... Qxc4 $2 {is the wrong capture.} 28. Qxc4 Bxc4 29. Ra1 $18) 28. Qf3 Bxf1 ({But not} 28... Bxa3 29. Rb7 $16) 29. Bxf1 Bxa3 30. Rb7 a5 31. Qe4 Rc8 32. Rb5 (32. Ra7 {is interesting.} Bb4 33. h4 Rc1 34. Kg2) 32... Bb4 (32... Rc5 {feels hotter.} 33. Rb8+ Rc8 34. Bc4 Qd7) 33. Rxe5 Qc6 34. Qxc6 Rxc6 {[%emt 0:00:05][%mdl 4096] Endgame. KRB-KRB} 35. Re8+ Kh7 36. Ra8 Rc7 37. Bd3+ g6 38. Kg2 Kg7 39. Ra6 Be1 40. Kf3 Rd7 41. Ke2 Bxf2 42. Bxg6 fxg6 43. Kxf2 Rd2+ 44. Kg3 Re2 45. Rxa5 Rxe3+ {[%emt 0:00:04] Weighted Error Value: White=0.04 (flawless) /Black=0.05 (flawless) .  Mistake:       	White=1     	Black=1      Inaccurate:     	---       	Black=1      OK:         	White=20    	Black=17     Best:        	White=1     	Black=2      Strong:       	---       	Black=1} 1/2-1/2

[Event "III Menorca Open-A 2024"]
[Site "Ciutadella Menorca"]
[Date "2024.04.07"]
[Round "9.6"]
[White "Aryan Chopra"]
[Black "Pranav Anand"]
[Result "1-0"]
[ECO "C54"]
[WhiteElo "2630"]
[BlackElo "2519"]
[Annotator "TA"]
[PlyCount "79"]
[EventDate "2024.04.02"]
[EventType "swiss"]
[EventCountry "ESP"]
[SourceTitle "playchess.com"]
[Source "ChessBase"]
[SourceQuality "1"]
[TimeControl "5400+30"]

1. e4 e5 2. Nf3 Nc6 3. Bc4 Bc5 4. c3 Nf6 5. d4 exd4 6. e5 d5 7. Bb5 Ne4 8. cxd4 Bb6 9. Nc3 O-O 10. Be3 f5 11. exf6 (11. g3 {is more complex.} f4 12. gxf4 Ba5 13. Rc1) 11... Nxf6 12. h3 {[%emt 0:00:59] The position is equal.} Ne7 13. O-O Bf5 14. Ne5 c6 15. Bd3 Nd7 {[%emt 0:06:04] Threatens to win with ...Nxe5.} 16. f4 Bxd3 17. Qxd3 Nf5 18. Na4 Ng3 19. Nxb6 axb6 20. Rf3 Ne4 21. a3 b5 22. f5 Nb6 23. Raf1 Nc4 {[%emt 0:01:10] A dynamic duo of knights.} 24. Bc1 Qd6 25. Ng4 b4 (25... Qe7 $11) 26. axb4 Ra1 (26... Qxb4 $11 27. f6 Ncd2 28. Bxd2 Qxd2) 27. b3 Nb6 28. b5 cxb5 (28... Nd7 $14) 29. Qxb5 (29. f6 {with more complications.} Nxf6 30. Nxf6+ Rxf6 31. Rxf6 gxf6 32. Qc3) 29... Qc6 30. Qxc6 bxc6 31. Ne5 {[%emt 0:00:44] Inhibits Nd7.} Rc8 32. g4 c5 {[%emt 0:02:14] [#]} 33. dxc5 Nxc5 34. Be3 Ra2 (34... Rxf1+ {is more resistant.} 35. Rxf1 (35. Kxf1 Ncd7 $18) 35... Ncd7) 35. f6 $18 gxf6 36. Bxc5 Rxc5 37. Rxf6 {[%emt 0:00:19] White threatens Rf8+ and mate.} d4 38. Rf8+ Kg7 39. R1f7+ Kh6 {[%emt 0:00:04] [#]} 40. g5+ $1 {[%emt 0:00:04][%mdl 512] Weighted Error Value: White=0.08 (flawless) /Black=0.54.  Mistake:       	---       	Black=4      Inaccurate:     	White=4     	Black=2      OK:         	White=14    	Black=11     Best:        	White=2     	---} 1-0

[Event "III Menorca Open-A 2024"]
[Site "Ciutadella Menorca"]
[Date "2024.04.07"]
[Round "9.7"]
[White "Vogel, Roven"]
[Black "Pranav Vijay"]
[Result "1-0"]
[ECO "A13"]
[WhiteElo "2528"]
[BlackElo "2252"]
[Annotator "TA"]
[PlyCount "89"]
[EventDate "2024.04.02"]
[EventType "swiss"]
[EventCountry "ESP"]
[SourceTitle "playchess.com"]
[Source "ChessBase"]
[SourceQuality "1"]
[TimeControl "5400+30"]

1. Nf3 Nf6 2. c4 e6 3. b3 d5 4. Bb2 Bd6 5. e3 O-O 6. Nc3 b6 7. cxd5 exd5 8. Nb5 {[%emt 0:00:42] The position is equal.} c5 9. Nxd6 Qxd6 10. d4 Ba6 11. Bxa6 Nxa6 12. dxc5 bxc5 13. O-O Rad8 14. Rc1 Rfe8 15. Ne1 Ne4 16. Nd3 f6 17. Qg4 Qe7 18. Rfd1 {[%emt 0:05:07] White is more active.} Qf7 19. h4 (19. Qe2 {simplifies} Nb4 20. Nxb4 cxb4 21. Qb5) 19... c4 {[%emt 0:00:00] [#]} 20. Nf4 (20. bxc4 $1 $16 dxc4 21. Nf4) 20... Nc7 (20... Nb4 $1 $14) 21. Qf5 ({White should try} 21. h5) 21... g6 (21... Rb8 $16) 22. Qg4 $18 Rb8 (22... a6 $16 {might work better.} 23. Qe2 h6 24. bxc4 dxc4) 23. Bd4 (23. f3 $18 Nd6 24. e4) 23... cxb3 $16 24. axb3 (24. Bxa7 $6 b2 25. Rb1 f5 $11) 24... Rxb3 $2 {[%emt 0:00:00] Loses the game.} (24... Rb7 $16 {keeps fighting.} 25. Rd3 Nb5) 25. f3 $1 $18 (25. Bxa7 Rb2 $14) 25... f5 26. Qh3 Nd6 27. h5 $1 {[%emt 0:00:38] hxg6 would now be deadly.} (27. Bxa7 Ne6 28. Bd4 (28. Rxd5 $2 Nxf4 29. exf4 Qxd5 $19) 28... Nxd4 29. exd4 (29. Rxd4 Rbxe3 30. h5 Re1+ 31. Rxe1 Rxe1+ 32. Kh2 Qa7 $15) 29... Ne4 $11) 27... g5 28. Qg3 h6 {[%emt 0:00:12] [#]} 29. Rxc7 Qxc7 30. Nxd5 f4 (30... Qc2 $2 31. Qxd6 Qxd1+ 32. Kh2 $18) 31. Qe1 (31. Nxc7 fxg3 32. Nxe8 Nxe8 $11) (31. exf4 Qc2 32. Ra1 (32. Nf6+ Kf7 $11) 32... Rb1+ 33. Kh2 Ree1 34. Qxe1 (34. Nf6+ $2 Kf8 $19) 34... Rxe1 35. Rxe1 Qd2 $11) 31... Qc2 32. Nf6+ (32. Bxa7 fxe3 33. Nf6+ Kf7 34. Nxe8 (34. Rxd6 $2 Rb1 $19) 34... Rb2 35. Nxd6+ Kg8 $11) 32... Kf7 33. Nxe8 (33. Bxa7 $2 Rb2 $19 (33... Kxf6 34. Rxd6+ Ke7 35. Rb6 $11) (33... Kxf6 34. Rxd6+ Ke7 35. Rb6 $15)) 33... Nxe8 34. exf4 (34. Bxa7 fxe3 35. Rc1 (35. Bxe3 $2 Rxe3 36. Rd7+ Ke6 $19) 35... Qd2 $11) 34... gxf4 35. Ra1 (35. Bxa7 Rb7 $16) 35... a6 36. Qe5 (36. Rxa6 $2 Rb1 $19) 36... Qc6 {[%emt 0:01:02] Dodges Qd5+} (36... Rb5 $18 37. Qxf4+ Qf5 38. Qxh6 Qxh5 39. Qxa6 (39. Qxh5+ Rxh5 40. Rxa6 Rd5 $18) 39... Qd5) 37. Qxf4+ Ke7 {[%emt 0:01:13] Black is weak on the dark squares} 38. Re1+ Kd8 39. Qf7 {[%emt 0:00:05] Threatening mate with Rxe8+.} Rb7 {[%emt 0:00:09] [#]} 40. Rxe8+ $1 {[%emt 0:02:29][%mdl 512] White mates.} Qxe8 41. Bf6+ ({Weaker is} 41. Qxb7 Qe1+ 42. Kh2 Qh4+ 43. Kg1 Qe1+ 44. Kh2 Qh4+ 45. Kg1 Qe1+ $11) 41... Re7 42. Qxe7+ Qxe7 43. Bxe7+ Kxe7 44. Kf2 Kf6 45. g4 {[%emt 0:00:18] Weighted Error Value: White=0.05 (flawless) /Black=0.38.  Mistake:       	White=3     	Black=5      Inaccurate:     	---       	Black=1      OK:         	White=20    	Black=10     Best:        	White=3     	---        Strong:       	White=2     	---        Brilliant:      	White=1     	---} (45. Ke3 $142 Kg5 46. g4 Kh4 47. Kd4 Kg5 48. Kc5 Kh4 49. Kb6 a5 50. Kb5 (50. Kxa5 Kg5 51. Kb4 Kf4 52. Kc4 Ke5 53. Kd3 Ke6 54. f4 Ke7)) 1-0

[Event "III Menorca Open-A 2024"]
[Site "Ciutadella Menorca"]
[Date "2024.04.07"]
[Round "9.9"]
[White "Pichot, Alan"]
[Black "Zhu, Jiner"]
[Result "1/2-1/2"]
[ECO "C84"]
[WhiteElo "2644"]
[BlackElo "2463"]
[Annotator "TA"]
[PlyCount "125"]
[EventDate "2024.04.02"]
[EventType "swiss"]
[EventCountry "ESP"]
[SourceTitle "playchess.com"]
[Source "ChessBase"]
[SourceQuality "1"]
[TimeControl "5400+30"]

1. e4 e5 2. Nf3 Nc6 3. Bb5 a6 4. Ba4 Nf6 5. O-O b5 6. Bb3 Bb7 7. d3 Be7 {[%emt 0:01:31] 7...Bc5 deserves study.} 8. c4 bxc4 9. Bxc4 O-O {[%emt 0:00:12] C84: Closed Ruy Lopez: Unusual White 6th moves.} 10. Nc3 d6 11. a3 {[%emt 0:00:20] 11.Rb1 is not played anymore.} Na5 12. Ba2 c5 13. b4 cxb4 14. axb4 Nc6 15. Nd5 Nxd5 16. Bxd5 Rb8 $146 ({Predecessor:} 16... Qc8 17. Bd2 Nd8 18. Qb3 Bxd5 19. Qxd5 Ne6 20. Rfc1 Qb8 21. Rc6 Rc8 22. Rac1 Rxc6 23. Qxc6 {1-0 Haeussler,R-Drazkowski,K EU-ch GT229 corr 1984}) 17. Bd2 Qb6 18. Be3 Nd4 19. Bxd4 exd4 20. Qb3 Bxd5 21. Qxd5 Rfc8 22. Rfc1 (22. Qxd4 Qxd4 23. Nxd4 Bf6 $17 (23... Rxb4 24. Nf5 $16)) (22. g3 $14) 22... Qxb4 $11 23. g3 (23. Nxd4 Rc5 24. Nc6 Qb2 25. Nxe7+ Kf8 $19) (23. Qxd4 Qxd4 24. Nxd4 Bf6 $15) 23... Qb5 24. Rxc8+ ({Don't play} 24. Qxd4 Bf6 25. e5 dxe5 $17 (25... Bxe5 26. Nxe5 dxe5 27. Qa7 $15)) 24... Rxc8 25. Qxb5 axb5 26. Ra7 Bf6 27. Rb7 Rc1+ 28. Kg2 g5 29. Rxb5 g4 30. Nd2 Rc3 31. Nc4 Be5 32. Nxe5 dxe5 33. Rxe5 f6 $1 34. Rh5 Rxd3 35. Rh4 Rd1 36. Rxg4+ Kf7 37. Rf4 Re1 (37... Ke6 $1 $11 {keeps the balance.}) 38. e5 $16 Rxe5 39. Rxd4 h5 40. Rd2 Kg6 41. Kh3 Ra5 42. Kh4 Ra4+ 43. f4 Ra5 44. h3 Rb5 45. Rd6 Rf5 46. Rd7 Ra5 47. Rb7 Rc5 48. Rb6 Kg7 49. Ra6 Rb5 50. Ra7+ Kh6 51. g4 ({White should play} 51. Rc7 $16) 51... hxg4 $11 52. hxg4 Rb1 53. Rd7 Rh1+ 54. Kg3 Rf1 55. f5 Rg1+ 56. Kf3 Rf1+ 57. Ke4 Rg1 58. Kd5 Rxg4 59. Ke6 Ra4 60. Kxf6 Ra6+ 61. Ke5 Kg5 62. Rg7+ Kh6 63. Re7 1/2-1/2

[Event "III Menorca Open-A 2024"]
[Site "Ciutadella Menorca"]
[Date "2024.04.07"]
[Round "9.10"]
[White "Murzin, Volodar"]
[Black "Avila Pavas, Santiago"]
[Result "1-0"]
[ECO "B06"]
[WhiteElo "2632"]
[BlackElo "2500"]
[Annotator "TA"]
[PlyCount "91"]
[EventDate "2024.04.02"]
[EventType "swiss"]
[EventCountry "ESP"]
[SourceTitle "playchess.com"]
[Source "ChessBase"]
[SourceQuality "1"]
[TimeControl "5400+30"]

1. e4 c5 2. Nf3 g6 3. c3 d5 4. exd5 Qxd5 5. d4 Bg7 6. Nbd2 Nf6 7. Bc4 Qh5 8. O-O {[%emt 0:16:12] White is slightly better.} O-O 9. dxc5 (9. Re1 {simplifies} cxd4 10. Nxd4 Qxd1 11. Rxd1 Rd8 12. N2f3) 9... Qxc5 10. Re1 Nc6 11. Qe2 Bd7 12. Nb3 Qb6 13. h3 Qc7 14. Nbd4 Nxd4 15. Nxd4 e5 16. Nb5 Qc6 17. Rd1 Be8 ({Better is} 17... a6 $1 $11 18. Na3 Rad8) 18. Bg5 {[%emt 0:16:15][%cal Od1d6] Rd6! would now be deadly.} a6 19. Nd6 h6 (19... Rd8 $1 $14 20. Nxe8 (20. Qxe5 Nh5 $11) 20... Rfxe8) 20. Bxf6 $16 Bxf6 21. Bd5 $36 {[%emt 0:00:33][%mdl 2048] White has strong initiative.} Qb6 22. Bxb7 Rb8 {[%emt 0:00:18] [#] Black is weak on the light squares} 23. Bd5 Kg7 24. Bb3 {[%emt 0:01:05] White has more active pieces.} Rd8 25. Ne4 Be7 26. Rxd8 Bxd8 27. Rd1 Bc7 {[%emt 0:01:43] Prevents Rd6.} 28. Qc4 Bb5 29. Qb4 {[%emt 0:00:55] aiming for Qe7.} Rd8 {[%emt 0:01:01] [#]} 30. Qe7 $1 Rxd1+ 31. Bxd1 Bc4 {[%emt 0:00:08] [#] Wards off Bb3} 32. Bb3 Bxb3 33. axb3 $18 {[%emt 0:00:01][%mdl 4096] Endgame. KQB-KQN} Qc6 34. Nc5 Bb8 35. b4 Qd5 36. Qd7 (36. Nxa6 Qd1+ 37. Kh2 Bd6 $16) (36. Nd7 $18 {White threatens Qf8+ and mate.} Qd1+ 37. Kh2) 36... Qa2 {[%emt 0:00:13] A mistake that costs the game.} (36... Bd6 $16) 37. Qd2 h5 (37... a5 {was necessary.} 38. bxa5 h5) 38. g3 h4 39. gxh4 Qc4 {[%emt 0:00:00] [#]} (39... a5 {is a better defense.} 40. h5 Bc7) 40. h5 $1 {[%emt 0:00:44] White is clearly winning.} Qh4 (40... Ba7 41. Qe3) 41. hxg6 ({Not} 41. Nxa6 Ba7 42. h6+ Kg8 $18) 41... Qxh3 (41... Kxg6 $142 42. Qd3+ (42. Nxa6 Ba7 $18) 42... Kg7 43. Nxa6 (43. Qg3+ Qxg3+ 44. fxg3 e4 $18) 43... Ba7) 42. Qd7 Qxd7 43. Nxd7 Bc7 44. gxf7 Kxf7 45. Kg2 a5 46. bxa5 {[%emt 0:00:09] Weighted Error Value: White=0.13 (very precise) /Black=0.26 (precise) .  Mistake:       	White=2     	Black=6      Inaccurate:     	White=1     	Black=2      OK:         	White=18    	Black=8      Best:        	White=2     	Black=2      Brilliant:      	White=1     	---} 1-0

[Event "III Menorca Open-A 2024"]
[Site "Ciutadella Menorca"]
[Date "2024.04.07"]
[Round "9.11"]
[White "Albornoz Cabrera, Carlos Daniel"]
[Black "Sokolovsky, Yahli"]
[Result "1-0"]
[ECO "B94"]
[WhiteElo "2603"]
[BlackElo "2490"]
[Annotator "TA"]
[PlyCount "128"]
[EventDate "2024.04.02"]
[EventType "swiss"]
[EventCountry "ESP"]
[SourceTitle "playchess.com"]
[Source "ChessBase"]
[SourceQuality "1"]
[TimeControl "5400+30"]

1. e4 c5 2. Nf3 d6 3. d4 cxd4 4. Nxd4 Nf6 5. Nc3 a6 6. Bg5 Nbd7 7. Bc4 Qb6 8. Bb3 e6 9. Qd2 Be7 10. O-O-O Nc5 11. f3 Qc7 12. g4 b5 13. a3 Rb8 14. Kb1 Bd7 15. Rhe1 O-O 16. Bf4 e5 17. g5 Nh5 18. Nd5 Qd8 19. Nf5 Bxf5 20. exf5 Nxf4 21. Nxe7+ Qxe7 22. Qxf4 Nxb3 23. cxb3 f6 24. g6 hxg6 25. fxg6 f5 26. Qg3 Qe6 27. Rg1 Rf6 28. f4 exf4 29. Qg5 f3 30. Qh5 f2 31. Qh7+ Kf8 32. Rgf1 Rxg6 33. Rxf2 Rh6 34. Rxf5+ Ke8 35. Qxg7 Qxf5+ 36. Ka2 Rxh2 $2 (36... Qh7 $14 37. Re1+ Kd8 38. Qf8+ Kc7 39. Re7+ Qxe7 40. Qxe7+ Kc6) 37. Re1+ $18 (37. Rxd6 $2 Rh1 38. Qg8+ Ke7 $19) (37. Qc7 Rxb2+ 38. Kxb2 Qe5+ 39. Kb1 Qe4+ 40. Ka1 Qe5+ 41. Kb1 Qe4+ 42. Ka1 Qe5+ 43. Kb1 $11) 37... Kd8 {[%emt 0:00:04] [#]} 38. Qe7+ $1 Kc8 39. Qe8+ (39. Qxd6 $2 Rxb2+ 40. Ka1 Ra2+ (40... Rxb3 41. Qc6+ Kd8 42. Re8#) 41. Kxa2 Qf2+ 42. Kb1 Qxe1+ $19) 39... Kc7 40. Re7+ Kb6 41. Qxb8+ Kc5 42. Rc7+ (42. Qa7+ Kd5 $16) 42... Kd5 43. Qa8+ Ke5 (43... Kd4 $142 44. Qxa6 Qe5) 44. Qxa6 Qd3 45. Qc8 Qd2 46. Re7+ Kd4 47. Qg4+ Kc5 48. Qg7 Rf2 49. Rb7 Qd3 50. Rc7+ Kd5 51. Qg8+ Kd4 52. Qg4+ (52. Qh8+ $142 Kd5 53. Qa8+ Ke5 54. Re7+ Kf4 55. Rf7+ Ke3 56. Qe8+ Qe4 57. Qxe4+ (57. Qxb5 $2 Rxf7 58. Qg5+ Rf4 $19) 57... Kxe4 58. Rxf2) 52... Kd5 $18 53. Qg8+ Kd4 54. Qg7+ Kd5 $1 55. Rc3 Qd2 (55... Qd4 $142 56. Qb7+ Ke6) 56. Rc8 $18 Rg2 57. Qf7+ Kd4 58. Qf6+ Kd5 59. Rb8 Kc5 60. Qh8 (60. a4 $142 Qe2 61. Rc8+ (61. Rxb5+ Kc6 $18) (61. axb5 Qd2 $18) 61... Kd5 62. Rd8) 60... Rh2 61. Qg7 (61. b4+ $142 Kd5 62. Qg8+ (62. Rxb5+ Kc4 $18) 62... Kd4 63. Qg4+ (63. Rxb5 $2 Qxb2#) 63... Kd3 64. Qg6+ (64. Rxb5 $2 Qxb2#) 64... Ke2 65. Re8+ (65. Rxb5 Qd3 $18) 65... Kf1 66. Qb1+ Kf2 67. Rf8+ (67. Qf5+ Kg1 $18) 67... Ke3 68. Qg1+ Qf2 69. Qg5+ (69. Rxf2 Rxf2 70. Qg5+ Ke4 $18) 69... Kd4 70. Qg7+ (70. Rxf2 Rxf2 71. Qxb5 Rc2 $18) 70... Ke3 71. Qc3+ Ke4 72. Qc6+ (72. Rxf2 Rxf2 73. Qc6+ Kf5 $18) 72... Ke3 73. Re8+ (73. Rxf2 Rxf2 74. Qb6+ Ke2 $18) 73... Kd2 74. Qd5+ (74. Qxb5 Qf7+ 75. b3 Kc3+) (74. Qxd6+ Kc1 $18) 74... Kc1 75. Rc8+ (75. Qxd6 $2 Qxb2#) 75... Qc5 76. Qg5+ (76. bxc5 Rxb2+ 77. Ka1 Rb1+ 78. Ka2 Rb2+ 79. Ka1 Rb1+ 80. Ka2 Rb2+ $11) 76... Kc2 77. bxc5) 61... Qe2 62. Rc8+ Kd5 63. Qb7+ Kd4 64. Qb6+ Kd5 1-0